AoeStats
← ninghaochang

Arena

510245577Analyzed
4v4 RM · 1d ago on Sep 30, 2026· 49m 28s· 8 players
Game mode
Random Map
Map size
Large (8 player)
Population
200
Speed
Normal
Resources
Standard
Victory
Conquest
Starting age
Dark Age
Ending age
Imperial Age
RankedLock teamsTeams togetherTeam positionsShared explorationLock speedFull tech treeHidden civsTurbo modeCheats
Victory
Defeat
🇲🇽 Khmer · Mexico
960
+16
🇺🇸 Britons · United States
915
+18
🇪🇸 Saxons · Spain
912
+18
🇺🇸 Teutons · United States
882
+20
🇭🇰 Franks · Hong Kong SAR China
1026
-20
🇨🇳 Cumans · China
1000
-63
🇭🇰 Britons · Hong Kong SAR China
921
-16
🇨🇳 Huns · China
910
-16
こちやさなえ
11:20 Feudal Age
15:26 Castle Age
13:56 Double-Bit Axe
19:21 Bow Saw
22:00 Wheelbarrow
27:50 Imperial Age
26:43 Forging
26:46 Husbandry
27:54 Scale Barding Armor
27:49 Gold Mining
28:18 Hand Cart
28:32 Chivalry
28:25 Cavalier
30:03 Paladin
31:40 Chain Barding Armor
32:38 Iron Casting
33:02 Conscription
34:41 Plate Barding Armor
35:41 Blast Furnace
35:57 Chemistry
36:20 Gold Mining
39:59 Light Cavalry
44:53 Gold Shaft Mining
45:57 Fortified Wall
ninghaochang
15:39 Feudal Age
18:52 Wheelbarrow
18:11 Loom
18:12 Town Watch
22:32 Forging
22:23 Scale Mail Armor
22:29 Scale Barding Armor
22:24 Padded Archer Armor
22:15 Fletching
25:40 Castle Age
27:06 Iron Casting
26:47 Chain Mail Armor
26:52 Chain Barding Armor
26:29 Bodkin Arrow
26:49 Leather Archer Armor
31:52 Hand Cart
31:58 Hand Cart
38:06 Imperial Age
38:18 Masonry
38:29 Ballistics
38:06 Murder Holes
38:23 Clinker Construction
38:24 Careening
38:35 Man-at-Arms
38:36 Pikeman
39:17 Squires
39:02 Arson
39:28 Town Patrol
42:17 Elite Steppe Lancer
卢本伟
8:19 Loom
10:37 Feudal Age
14:21 Castle Age
12:34 Double-Bit Axe
13:13 Stone Mining
14:45 Horse Collar
22:54 Wheelbarrow
23:58 Gold Mining
25:29 Hand Cart
32:23 Imperial Age
30:34 Bow Saw
31:05 Coinage
31:44 Heavy Plow
34:23 Forging
34:19 Scale Barding Armor
34:28 Bloodlines
34:19 Husbandry
yanbb0916
13:36 Feudal Age
14:17 Horse Collar
14:23 Double-Bit Axe
20:28 Castle Age
18:40 Gold Mining
21:19 Loom
24:44 Imperial Age
24:03 Bow Saw
23:54 Heavy Plow
27:24 Wheelbarrow
28:47 Two-Man Saw
28:53 Hand Cart
28:45 Stone Mining
31:19 Conscription
31:59 Gold Shaft Mining
32:40 Fletching
32:50 Padded Archer Armor
33:51 Town Watch
33:53 Treadmill Crane
35:26 Bodkin Arrow
35:46 Leather Archer Armor
36:36 Bracer
36:58 Town Patrol
37:39 Ballistics
37:30 Masonry
38:10 Ring Archer Armor
38:46 Hoardings
40:35 Chemistry
40:06 Architecture
41:27 Siege Engineers
41:32 Elite Longbowman
42:25 Herbal Medicine
42:41 Murder Holes
43:01 Fortified Wall
44:52 Yeomen
45:10 Fervor
45:20 Sanctity
dewey manning
5:32 Loom
10:38 Feudal Age
15:35 Castle Age
13:46 Double-Bit Axe
15:05 Horse Collar
15:37 Fletching
17:23 Bow Saw
19:46 Fletching
22:27 Padded Archer Armor
22:45 Bodkin Arrow
24:34 Wheelbarrow
23:45 Town Watch
25:30 Gold Mining
25:31 Stone Mining
25:45 Heavy Plow
27:40 Town Patrol
27:56 Leather Archer Armor
29:03 Ballistics
28:25 Treadmill Crane
30:19 Gold Shaft Mining
30:04 Hand Cart
30:18 Masonry
30:04 Murder Holes
30:26 Fortified Wall
34:50 Imperial Age
33:35 Yeomen
34:34 Caravan
35:45 Elite Longbowman
36:46 Conscription
36:29 Bracer
37:06 Ring Archer Armor
37:38 Chemistry
37:09 Architecture
37:34 Siege Engineers
38:21 Warwolf
43:29 Elite Longbowman
45:02 Crossbowman
45:45 Arbalester
47:11 Elite Skirmisher
xxyvonnederful
12:03 Feudal Age
15:43 Castle Age
13:45 Double-Bit Axe
13:48 Horse Collar
17:15 Wheelbarrow
19:54 Bow Saw
20:57 Heavy Plow
22:31 Gold Mining
22:36 Stone Mining
23:20 Hand Cart
24:22 Stone Shaft Mining
28:19 Imperial Age
25:35 Loom
25:36 Town Watch
26:42 Scale Barding Armor
26:48 Forging
28:29 Chain Barding Armor
28:23 Bloodlines
28:24 Cavalier
29:44 Conscription
30:20 Paladin
34:21 Coinage
38:15 Plate Barding Armor
38:16 Iron Casting
38:46 Chemistry
37:57 Fortified Wall
37:58 Masonry
Sleep's Vessel
7:34 Loom
9:36 Feudal Age
8:35 Loom
15:17 Castle Age
16:17 Loom
25:02 Double-Bit Axe
25:09 Gold Mining
30:20 Horse Collar
33:33 Imperial Age
36:15 Caravan
37:20 Wheelbarrow
37:09 Elite Hearth Troop
39:03 Forging
38:53 Scale Mail Armor
39:29 Shield Wall
41:42 Hand Cart
41:13 Town Watch
43:08 Iron Casting
45:05 Chain Mail Armor
45:07 Squires
44:53 Arson
47:20 Conscription
HTELRA6828
6:00 Loom
11:05 Feudal Age
11:52 Double-Bit Axe
12:42 Horse Collar
15:04 Wheelbarrow
19:19 Gold Mining
23:46 Castle Age
21:48 Arson
22:13 Stone Mining
23:17 Padded Archer Armor
23:07 Fletching
25:40 Bow Saw
26:22 Husbandry
27:31 Heavy Plow
29:10 Hand Cart
30:28 Gold Shaft Mining
31:53 Caravan
35:24 Ballistics
47:45 Imperial Age
49:34 Chemistry
48:33 Heavy Scorpion
49:51 Crop Rotation
49:01 Capped Ram
Connection lost

Rejoining the realm…

Still unreachable

The connection could not be restored.

Session expired

The server has moved on; the page needs a fresh start.